 Dungeon Crawl Stone Soup version 0.32-a0-12-g7fc57aa741 (webtiles) character file.

Game seed: 16367131091225958068

215206 Sphara the Stormcaller (level 19, -3/179 HPs)
             Began as an Oni Air Elementalist on Jan 13, 2024.
             Was the Champion of Vehumet.
             Slain by a +3 scimitar of flaming (5 damage)
             ... on level 2 of the Elven Halls on Jan 14, 2024.
             The game lasted 02:27:40 (46862 turns).

Sphara the Stormcaller (Oni Air Elementalist)      Turns: 46862, Time: 02:27:40

Health: -3/179     AC: 12    Str: 17    XL:     19   Next: 1%
Magic:  8/44       EV:  8    Int: 39    God:    Vehumet [******]
Gold:   32         SH: 18    Dex:  9    Spells: 8/40 levels left

rFire   + . .        A - staff of air
rCold   + . .        n - +2 kite shield {rPois}
rNeg    . . .        k - +2 robe {rC+ rF+}
rPois   +            J - +3 hat of Pondering {ponderous, Will+ MP+10 Int+5}
rElec   +            P - +2 cloak {Will+}
rCorr   .            (gloves unavailable)
SInv    .            (boots unavailable)
Will    +++..        r - amulet "Memeenec" {Reflect Slay+3 SH+5}
Stlth   +            L - +6 ring of intelligence
HPRegen 0.49/turn    U - +6 ring of intelligence
MPRegen 0.29/turn

%: reflection
@: slow
A: large, unfitting armour, horns 1, tough skin 1, double potion healing,
drunken brawling
}: 1/15 runes: serpentine
a: Renounce Religion


You were on level 2 of the Elven Halls.
You worshipped Vehumet.
Vehumet was exalted by your worship.
You visited 6 branches of the dungeon, and saw 29 of its levels.
You also visited: Bailey and Ice Cave.

You collected 3001 gold pieces.
You spent 2969 gold pieces at shops.

Inventory:

Hand Weapons
 l - the +6 morningstar "Vocranoc" {holy, rPois rF+ rC+}
   (You found it on level 11 of the Dungeon)

   rF+:       It protects you from fire.
   rC+:       It protects you from cold.
   rPois:     It protects you from poison
 E - the +7 hand axe of the Aged Portals {pain, Fly rN+ Int+3}
   (You found it on level 11 of the Dungeon)

   Int+3:     It affects your intelligence (+3).
   rN+:       It protects you from negative energy.
   Fly:       It grants you flight.
 O - a +0 demon whip of venom
Missiles
 f - 79 large rocks
 B - 2 throwing nets
 D - 11 curare-tipped darts (quivered)
Armour
 k - a +2 robe of resistance (worn)
 n - a +2 kite shield of poison resistance (worn)
 J - the +3 hat of Pondering (worn) {ponderous, Will+ MP+10 Int+5}
   (You bought it in a shop on level 2 of the Snake Pit)

   Int+5:     It affects your intelligence (+5).
   Will+:     It increases your willpower.
   MP+10:     It affects your magic capacity (+10).
 N - a +3 kite shield of fire resistance
 P - a +2 cloak of willpower (worn)
Magical Staves
 A - a staff of air (weapon)
Jewellery
 r - the amulet "Memeenec" (around neck) {Reflect Slay+3 SH+5}
   (You acquired it on level 7 of the Dungeon)

   [amulet of reflection]

   Reflect:   It reflects blocked missile attacks.
   Slay+3:    It affects your accuracy & damage with ranged weapons and melee
   (+3).
   SH+5:      It affects your SH (+5).
 I - a ring of flight
 K - a ring of magical power
 L - a +6 ring of intelligence (left hand)
 Q - a ring of resist corrosion
 U - a +6 ring of intelligence (right hand)
Wands
 s - a wand of flame (86)
 y - a wand of paralysis (19)
 W - a wand of iceblast (10)
 X - a wand of mindburst (11)
 Y - a wand of digging (10)
 Z - a wand of quicksilver (1)
Scrolls
 g - a scroll of vulnerability
 h - 5 scrolls of fog
 m - 3 scrolls of amnesia
 v - 10 scrolls of teleportation
 w - 4 scrolls of blinking
 x - a scroll of brand weapon
 z - 5 scrolls of poison
 G - 3 scrolls of torment
 M - 4 scrolls of enchant weapon
 S - a scroll of fear
 T - 3 scrolls of immolation
Potions
 b - 2 potions of magic
 c - 3 potions of cancellation
 d - 5 potions of haste
 e - 3 potions of ambrosia
 i - 9 potions of might
 j - 3 potions of invisibility
 o - 9 potions of curing
 p - 4 potions of heal wounds
 q - 3 potions of berserk rage
 t - 9 potions of mutation
 u - 3 potions of lignification
 C - 4 potions of resistance
 F - 2 potions of attraction
 H - 2 potions of brilliance
 R - 3 potions of enlightenment
Miscellaneous
 a - a box of beasts


   Skills:
 - Level 9.0 Fighting
 - Level 3.9(5.1) Maces & Flails
 - Level 4.9(5.6) Staves
 - Level 8.6 Armour
 - Level 1.7 Dodging
 - Level 1.4 Stealth
 - Level 11.0 Shields
 - Level 11.0 Spellcasting
 * Level 12.1 Conjurations
 - Level 3.3 Translocations
 * Level 14.3 Fire Magic
 * Level 16.0 Air Magic
 - Level 7.1 Evocations


You had 8 spell levels left.
You knew the following spells:

 Your Spells              Type           Power      Damage    Failure   Level
a - Shock                 Conj/Air       100%       1d9       0%          1
b - Static Discharge      Conj/Air       100%       3-8/arc   0%          2
c - Airstrike             Air            60%        2d(9-25)  1%          4
d - Blink                 Tloc           94%        N/A       1%          2
e - Arcjolt               Conj/Air       57%        1d67      1%          5
f - Orb of Destruction    Conj           43%        9d12      5%          7
x - Plasma Beam           Fire/Air       59%        2x1d74    1%          6
z - Fireball              Conj/Fire      45%        3d18      1%          5

Your spell library contained the following spells:

 Spells                   Type           Power      Damage    Failure   Level
 Ignition                 Fire           46%        3d13      17%         8
 Swiftness                Air            100%       N/A       0%          3
 Cigotuvi's Dreadful Rot  Necr/Alch/Air  100%       N/A       1%          2
 Lesser Beckoning         Tloc           94%        N/A       1%          2
 Momentum Strike          Conj/Tloc      100%       3d10      1%          2
 Brom's Barrelling Bould  Conj/Erth      62%        2d8       1%          4
 Vhi's Electric Charge    Tloc/Air       100%       N/A       1%          4
 Iskenderun's Battlesphe  Conj           86%        2d13      1%          5
 Conjure Ball Lightning   Conj/Air       57%        3x3d21    1%          6
 Gell's Gravitas          Tloc           47%        N/A       2%          3
 Teleport Other           Tloc           47%        N/A       2%          3
 Call Imp                 Summ           42%        N/A       4%          2
 Sublimation of Blood     Necr           21%        N/A       4%          2
 Manifold Assault         Tloc           47%        N/A       9%          4
 Passage of Golubria      Tloc           47%        N/A       9%          4
 Maxwell's Capacitive Co  Air            60%        ∞         9%          8
 Fugue of the Fallen      Necr           21%        N/A       10%         3
 Ozocubu's Armour         Ice            21%        N/A       10%         3
 Tukima's Dance           Hex            21%        N/A       10%         3
 Yara's Violent Unravell  Hex/Alch       10%        3d6       24%         5
 Dispel Undead            Necr           21%        3d11      32%         4
 Martyr's Knell           Necr/Summ      21%        N/A       32%         4
 Dispersal                Tloc           23%        N/A       78%         6
 Death Channel            Necr           10%        N/A       99%         6
 Summon Cactus Giant      Summ           10%        N/A       99%         6
 Summon Hydra             Summ           10%        N/A       100%        7
 Chain Lightning          Conj/Air       57%        3d76      92%         9
 Fire Storm               Conj/Fire      45%        8d11      96%         9
 Shatter                  Erth           10%        3d12*     100%        9


Dungeon Overview and Level Annotations

Branches:
Dungeon (15/15)            Temple (1/1) D:4            Lair (5/5) D:9
  Swamp (0/4) Lair:2        Snake (4/4) Lair:2        Slime (0/5) Lair:5
    Orc (2/2) D:11            Elf (2/3) Orc:2        Vaults (0/5) D:13
 Bailey (visited)           IceCv (visited)
 Depths: D:15

Altars:
Ashenzari
Cheibriados
Dithmenos
Elyvilon
Fedhas
Gozag
Hepliaklqana
Kikubaaqudgha
Makhleb
Nemelex Xobeh
Okawaru
Qazlal
Ru
Sif Muna
Trog
Uskayaw
Vehumet
Wu Jian
Xom
Yredelemnul
Zin
The Shining One
Jiyva

Shops:
D:2 !   D:14 *   Orc:2 [:**:   Elf:2 !   Snake:1 =[   Snake:2 ![[   Snake:4 ?

Annotations:
D:6 3 runed translucent doors, Sapher's ghost, weakling SpDe
D:11 1 transporter
Lair:5 exclusion: obsidian statue
Snake:3 3 runed translucent doors, PanSaczeczos's ghost, adept SpDe


Innate Abilities, Weirdness & Mutations

You are too large for most types of armour.
You have a pair of small horns on your head.
You have tough skin. (AC +1)
You gain doubled healing and magic from potions.
Whenever you drink a healing potion, you attack all around you.


Message History

You kill the skyshark!
Vehumet accepts your kill.
You feel your power returning.
The bolt of lightning hits the skyshark!!
You kill the skyshark!
Vehumet accepts your kill.
You feel your power returning.
You feel sick.
Unknown command.
Unknown command.
A +3 scimitar of flaming comes into view.
You feel sick.
Things that are here:
a +0 long sword; a skyshark corpse You feel sick.
The +3 scimitar of flaming hits you.
* * * LOW HITPOINT WARNING * * *
There is an open door, spattered with blood here.
You feel sick.
You block the +3 scimitar of flaming's attack.
You feel sick.
You are no longer poisoned.
The +3 scimitar of flaming attacks as it pursues you!
The +3 scimitar of flaming hits you!!
* * * LOW HITPOINT WARNING * * *
The +3 scimitar of flaming burns you.
* * * LOW HITPOINT WARNING * * *
You block the +3 scimitar of flaming's attack.
Things that are here:
a +0 shortbow; a +0 dagger; a +0 leather armour
Casting: Plasma Beam (mildly dangerous; 1% risk of failure)
Confirm with . or Enter, or press ? or * to list all spells.
Aiming: Airstrike (safe; 1% risk of failure)
Press: ? - help, Dir - move target, f - +3 scimitar of flaming
Aim: a +3 scimitar of flaming (empty space bonus: 7/8)
You feel a surge of power!
The air twists around and strikes the +3 scimitar of flaming!!
The +3 scimitar of flaming is severely damaged.
The +3 scimitar of flaming hits you!!
* * * LOW HITPOINT WARNING * * *
The +3 scimitar of flaming burns you.
You die...

,,,** #,* #.# *,,,,,,***** ,,,,*
#.#**######.# *,,,,,,*,,+,
,,,,###...##......####...,,**,,**
,,,,+.....).<)...)...'...,***,,+,
,,,*#####.##.####)####...,******,
,,** ##+##'####'## **,*,,*,,,+,
*** #...........## ****,,,,,**
#....)...(.>.# ***,,,+,
#......>.@...############.
#...............######..+.
#...........+++.######..##
#...........'∩+,######..+.
##..........+'+###########
##............######.....
**.....#...#####....'))...
*.......)).)####.####<..).
*,,.........)')..#####....


You could see a +3 scimitar of flaming.

Vanquished Creatures
  Saint Roka (Snake:2)
  Norris (Elf:2)
  Rupert (Orc:2)
  Jorgrun (D:14)
  Kirke (D:13)
  Donald (Orc:1)
  A rockslime (IceCv)
  Aizul (Snake:2)
  2 azure jellies (IceCv)
  4 nagarajas (Snake:4)
  2 deep elf sorcerers (Elf:1)
  An orc warlord (Orc:1)
  A stone giant (D:11)
  A deep elf elementalist (Elf:1)
  5 quicksilver oozes (IceCv)
  A deep elf death mage (Elf:1)
  2 deep elf demonologists (Elf:1)
  Azrael (Orc:1)
  2 dire elephants (Lair:5)
  Snorg (Lair:3)
  2 ettins (D:11)
  A salamander tyrant (Snake:4)
  A hydra (Lair:4)
  An ogre mage (D:11)
  A catoblepas (Lair:5)
  4 vault guards (D:13)
  7 anacondas
  8 centaur warriors
  5 dancing weapons
  4 two-headed ogres
  2 death yaks (Lair:5)
  A boulder beetle (D:14)
  16 naga warriors
  4 orc high priests
  6 shock serpents
  A sun demon (D:11)
  Urug (Lair:3)
  13 deep elf knights
  16 naga sharpshooters
  4 salamander mystics
  Amaemon (D:9)
  4 skysharks (Elf:2)
  A goliath frog (Lair:2)
  A spectral anaconda (Lair:5)
  6 sea snakes
  13 mana vipers
  An orange crystal statue (IceCv)
  6 naga ritualists
  8 deep elf archers
  4 necromancers (Lair:5)
  6 orc knights
  Pikel (D:8)
  21 deep elf zephyrmancers
  20 deep elf pyromancers
  4 oklob plants
  12 salamanders
  5 orc sorcerers
  17 cyclopes
  20 elephants
  10 ugly things
  4 manticores
  Maurice (D:8)
  3 guardian serpents
  A dire elephant zombie (Lair:5)
  4 kobold blastminers
  19 naga magi
  27 black mambas
  An orange demon (D:9)
  A dire elephant skeleton (Lair:5)
  5 cane toads
  Maggie (D:6)
  Jeremiah (D:8)
  An efreet (D:13)
  An ice devil (D:12)
  4 rime drakes
  2 unseen horrors
  A kobold demonologist (Bailey)
  Psyche (D:9)
  11 komodo dragons
  4 trolls
  A hornet (D:9)
  3 polar bears
  30 slime creatures
  15 blink frogs
  4 air elementals
  A water elemental (Elf:1)
  Sigmund (D:5)
  2 fire elementals
  5 wyverns
  4 wraiths
  61 yaks
  2 vampires
  5 basilisks
  6 wargs
  A steam dragon (D:8)
  A spectral cane toad (Lair:5)
  11 vampire mosquitoes
  Edmund (D:5)
  43 nagas
  12 water moccasins
  3 acid dragons
  4 hell hounds (Orc:2)
  A swamp drake (Lair:2)
  25 orc warriors
  A black bear (Lair:2)
  2 elephant zombies (Lair:5)
  2 ice beasts
  A sky beast (D:7)
  10 ogres
  An elephant skeleton (Lair:5)
  27 wolves
  7 centaurs
  2 slime creature simulacra (IceCv)
  4 lemures (D:8)
  4 kobold brigands
  9 bullfrogs
  A gnoll sergeant (D:12)
  2 glowing shapeshifter simulacra (IceCv)
  An earth elemental (Elf:2)
  2 scorpions (D:6)
  9 wights
  9 killer bees
  2 elephant simulacra (Lair:5)
  3 electric eels (Bailey)
  4 howler monkeys
  3 lava snakes (Lair:2)
  5 crimson imps
  3 hounds
  3 jellies
  A bombardier beetle (D:4)
  16 orc priests
  3 iguanas
  2 gnoll boudas
  2 sleepcaps
  21 orc wizards
  22 gnolls
  6 adders
  6 white imps
  A ribbon worm (shapeshifter) (D:13)
  A ribbon worm (D:2)
  2 dart slugs
  79 orcs
  3 ball pythons
  4 bats
  7 endoplasms
  4 giant cockroaches
  10 hobgoblins
  13 jackals
  A quokka (D:2)
  3 frilled lizards
  18 goblins
  21 kobolds
  5 rats
993 creatures vanquished.

Vanquished Creatures (collateral kills)
  A spectral dire elephant (Lair:5)
  2 elephants (Lair:3)
  A death yak simulacrum (Lair:5)
4 creatures vanquished.

Vanquished Creatures (others)
  3 humans (D:14)
  An orc priest (Orc:2)
  An orc wizard (Orc:2)
  An orc (Orc:2)
6 creatures vanquished.

Grand Total: 1003 creatures vanquished

Notes
Turn   | Place    | Note
-------+----------+-------------------------------------------
     0 | D:1      | Sphara the Oni Air Elementalist began the quest for the
                  | Orb.
     0 | D:1      | Reached XP level 1. HP: 16/16 MP: 3/3
    71 | D:1      | Reached skill level 1 in Conjurations
   233 | D:1      | Reached skill level 3 in Air Magic
   233 | D:1      | Reached XP level 2. HP: 21/24 MP: 0/5
   656 | D:1      | Learned a level 2 spell: Static Discharge
  1226 | D:1      | Reached XP level 3. HP: 9/31 MP: 2/7
  1460 | D:2      | Found Otebeq's Distillery.
  1878 | D:2      | Reached XP level 4. HP: 30/39 MP: 1/8
  1957 | D:2      | Found a glowing silver altar of Zin.
  2671 | D:3      | Reached skill level 4 in Air Magic
  2863 | D:3      | Reached XP level 5. HP: 45/45 MP: 7/10
  3318 | D:2      | Bought a potion of heal wounds for 65 gold pieces
  3318 | D:2      | Bought a potion of heal wounds for 65 gold pieces
  3424 | D:4      | Learned a level 4 spell: Airstrike
  3864 | D:4      | Found a staircase to the Ecumenical Temple.
  3872 | Temple   | Entered the Ecumenical Temple
  3890 | Temple   | Became a worshipper of Vehumet
  4080 | D:5      | Entered Level 5 of the Dungeon
  4192 | D:4      | Reached XP level 6. HP: 44/53 MP: 7/11
  4301 | D:5      | Found a glowing golden altar of the Shining One.
  4579 | D:5      | Reached skill level 1 in Fighting
  4636 | D:5      | Reached skill level 5 in Air Magic
  4744 | D:5      | Noticed Sigmund
  4756 | D:5      | Killed Sigmund
  4757 | D:5      | Reached XP level 7. HP: 32/65 MP: 7/13
  4950 | D:5      | Noticed Edmund
  5428 | D:6      | Found a runed translucent gate.
  5428 | D:6      | Found a runed translucent gate.
  5428 | D:6      | Found a runed translucent gate.
  6212 | D:5      | Killed Edmund
  6213 | D:5      | Reached skill level 5 in Spellcasting
  6213 | D:5      | Reached skill level 6 in Air Magic
  6213 | D:5      | Reached skill level 1 in Evocations
  6213 | D:5      | Reached XP level 8. HP: 53/75 MP: 15/15
  6417 | D:6      | Reached * piety under Vehumet
  6417 | D:6      | Offered knowledge of Magic Dart by Vehumet.
  6496 | D:6      | Found a burning altar of Makhleb.
  6623 | D:6      | Found a basalt altar of Yredelemnul.
  6623 | D:6      | Found an opulent altar of Gozag.
  6966 | D:6      | Reached skill level 1 in Maces & Flails
  7280 | D:6      | Noticed Maggie
  7292 | D:6      | Killed Maggie
  7293 | D:6      | Reached skill level 5 in Fighting
  7293 | D:6      | Reached XP level 9. HP: 88/88 MP: 4/18
  7474 | D:6      | Reached skill level 1 in Armour
  7621 | D:6      | Noticed a spectral unseen horror
  7621 | D:6      | Noticed Sapher's ghost (weakling SpDe)
  7777 | D:7      | Identified the +2 quarterstaff of the Stopping Wolf {vamp,
                  | Int+5}
  7820 | D:7      | Identified a scroll of acquirement
  7822 | D:7      | Acquired the amulet "Memeenec" {Reflect Slay+3 SH+5}
  8621 | D:8      | Reached skill level 7 in Air Magic
  8628 | D:8      | Offered knowledge of Sting by Vehumet.
  8671 | D:8      | Reached ** piety under Vehumet
  8936 | D:8      | Noticed Pikel
  8954 | D:8      | Killed Pikel
  8955 | D:8      | Reached skill level 5 in Armour
  8955 | D:8      | Reached skill level 8 in Air Magic
  8955 | D:8      | Reached XP level 10. HP: 88/96 MP: 6/19
  9171 | D:8      | Noticed Jeremiah
  9189 | D:8      | Killed Jeremiah
 10011 | D:8      | Noticed Maurice
 10019 | D:8      | Maurice stole a +2 dire flail of venom
 10020 | D:8      | Killed Maurice
 10536 | D:9      | Found an iron altar of Okawaru.
 10538 | D:9      | Noticed Psyche
 10543 | D:9      | Killed Psyche
 10572 | D:9      | Reached skill level 9 in Air Magic
 10971 | D:9      | Found a staircase to the Lair.
 11223 | D:9      | Found a broken altar of Ashenzari.
 11227 | D:9      | Noticed an orange demon
 11232 | D:9      | Killed an orange demon
 11233 | D:9      | Reached XP level 11. HP: 102/102 MP: 7/20
 11482 | D:9      | Offered knowledge of Momentum Strike by Vehumet.
 11858 | D:9      | Found a bloodstained altar of Trog.
 11872 | D:9      | Reached *** piety under Vehumet
 12038 | D:9      | Noticed Amaemon
 12044 | D:9      | Killed Amaemon
 12045 | D:9      | Reached skill level 10 in Air Magic
 12159 | D:10     | Entered Level 10 of the Dungeon
 12405 | D:10     | Found a flagged portal.
 12465 | Bailey   | Entered a bailey
 12575 | Bailey   | Offered knowledge of Ignite Poison by Vehumet.
 13025 | Bailey   | Acquired a staff of air
 13085 | Bailey   | Identified the +6 ring mail of the Fiddle {Regen+ Str-3
                  | Int+4}
 13128 | Bailey   | Found an iron altar of Okawaru.
 13133 | Bailey   | Noticed an orc high priest
 13137 | Bailey   | Killed an orc high priest
 13864 | D:11     | Reached **** piety under Vehumet
 14236 | D:11     | Noticed an ogre mage
 14239 | D:11     | Paralysed by an ogre mage for 2 turns
 14239 | D:11     | Noticed a two-headed ogre
 14242 | D:11     | Killed an ogre mage
 14243 | D:11     | Reached skill level 11 in Air Magic
 14444 | D:10     | Killed a two-headed ogre
 14445 | D:10     | Reached XP level 12. HP: 69/115 MP: 14/24
 14833 | D:11     | Offered knowledge of Mephitic Cloud by Vehumet.
 15025 | D:11     | Found a staircase to the Orcish Mines.
 15766 | D:11     | Reached skill level 12 in Air Magic
 15819 | D:11     | Noticed an ettin
 15819 | D:11     | Noticed an ettin
 15891 | D:11     | Reached ***** piety under Vehumet
 15945 | D:11     | Killed an ettin
 15945 | D:11     | Offered knowledge of Flame Wave by Vehumet.
 15992 | D:11     | Killed an ettin
 16126 | D:11     | Identified the +1 dagger of the Enemy {drain, Dex+5}
 16128 | D:11     | Identified the +6 morningstar "Vocranoc" {holy, rPois rF+
                  | rC+}
 16130 | D:11     | Identified the +7 hand axe of the Aged Portals {pain, Fly
                  | rN+ Int+3}
 16132 | D:11     | Identified the +3 sling of the Feather {heavy, rC+++ rCorr
                  | SInv Stlth-}
 16134 | D:11     | Noticed a stone giant
 16139 | D:11     | Killed a stone giant
 16140 | D:11     | Reached skill level 5 in Evocations
 16380 | D:11     | Found a transporter.
 16513 | D:11     | Reached XP level 13. HP: 130/130 MP: 3/26
 16675 | D:11     | Learned a level 5 spell: Fireball
 17016 | D:11     | Found a transporter.
 17190 | D:12     | Reached skill level 1 in Fire Magic
 17582 | Lair:1   | Entered Level 1 of the Lair of Beasts
 18051 | Lair:1   | Reached skill level 5 in Conjurations
 18518 | Lair:1   | Reached skill level 10 in Spellcasting
 19951 | Lair:2   | Reached skill level 5 in Fire Magic
 20092 | Lair:2   | Found a staircase to the Snake Pit.
 20714 | Lair:2   | Found a staircase to the Swamp.
 21517 | Lair:3   | Noticed Urug
 21522 | Lair:3   | Killed Urug
 21523 | Lair:3   | Reached XP level 14. HP: 140/140 MP: 7/28
 21545 | Lair:3   | Offered knowledge of Iskenderun's Mystic Blast by Vehumet.
 21774 | Lair:3   | Noticed Snorg
 21784 | Lair:3   | Killed Snorg
 21891 | Lair:3   | Reached skill level 1 in Staves
 23154 | Lair:5   | Entered Level 5 of the Lair of Beasts
 25102 | Lair:5   | Found a viscous altar of Jiyva.
 25102 | Lair:5   | Found a staircase to the Slime Pits.
 25107 | Lair:5   | Reached skill level 13 in Air Magic
 25348 | Lair:5   | Noticed a dire elephant
 25348 | Lair:5   | Noticed a dire elephant
 25780 | Lair:5   | Identified the +7 hand axe "Vaddosk" {drain, Int+2}
 26353 | Lair:5   | Reached XP level 15. HP: 140/146 MP: 15/30
 27172 | Orc:1    | Entered Level 1 of the Orcish Mines
 27352 | Orc:2    | Entered Level 2 of the Orcish Mines
 27352 | Orc:2    | Noticed Donald
 27357 | Orc:2    | Noticed Rupert
 27375 | Orc:1    | Killed Donald
 27919 | D:12     | Learned a level 2 spell: Blink
 29285 | D:12     | Reached skill level 1 in Translocations
 29947 | D:13     | Offered knowledge of Bombard by Vehumet.
 30627 | D:13     | Reached skill level 10 in Fire Magic
 30869 | D:13     | Found a gate to the Vaults.
 31124 | D:14     | Found a broken altar of Ashenzari.
 31128 | D:14     | Noticed Kirke
 31255 | D:14     | Noticed a sphinx
 31260 | D:13     | Killed Kirke
 31402 | D:14     | Reached skill level 14 in Air Magic
 32569 | D:14     | Learned a level 5 spell: Arcjolt
 32650 | D:14     | Found Aonitag's Alliterative Armaments.
 32747 | D:14     | Noticed Jorgrun
 32753 | D:14     | Killed Jorgrun
 33269 | D:15     | Entered Level 15 of the Dungeon
 33435 | Orc:2    | Killed Rupert
 33740 | Orc:1    | Reached XP level 16. HP: 101/156 MP: 8/31
 33867 | Orc:2    | Noticed Azrael
 33876 | Orc:1    | Killed Azrael
 34434 | Orc:2    | Found Bovvefee's Gadget Gallery.
 34439 | Orc:2    | Found a staircase to the Elven Halls.
 35342 | Orc:2    | Found Sauxur's Assorted Antiques.
 35342 | Orc:2    | Found Azol's Book Emporium.
 35344 | Orc:2    | Found Bustrilud's Armour Boutique.
 35344 | Orc:2    | Found Niapnuol's Book Emporium.
 35355 | Orc:2    | Bought a book of Lightning for 540 gold pieces
 35362 | Orc:2    | Learned a level 6 spell: Plasma Beam
 35392 | Orc:2    | Bought a wand of quicksilver (4) for 268 gold pieces
 35392 | Orc:2    | Bought a wand of paralysis (6) for 230 gold pieces
 35392 | Orc:2    | Bought a wand of mindburst (10) for 224 gold pieces
 35674 | Orc:1    | Offered knowledge of Starburst by Vehumet.
 36574 | Snake:1  | Entered Level 1 of the Snake Pit
 36922 | Snake:1  | Reached skill level 1 in Shields
 38033 | Snake:1  | Found Iblaed's Antique Armour Boutique.
 38033 | Snake:1  | Found Makker's Jewellery Shop.
 38187 | Snake:1  | Reached skill level 5 in Shields
 39558 | Snake:2  | Found Yreryema's Armour Shop.
 39559 | Snake:2  | Found Guvy's Distillery.
 39560 | Snake:2  | Found Keizui's Armour Emporium.
 39564 | Snake:2  | Bought a potion of enlightenment for 70 gold pieces
 39564 | Snake:2  | Bought a potion of heal wounds for 70 gold pieces
 39564 | Snake:2  | Bought a potion of curing for 42 gold pieces
 39564 | Snake:2  | Bought a potion of mutation for 112 gold pieces
 39564 | Snake:2  | Bought 2 potions of haste for 280 gold pieces
 39573 | Snake:2  | Identified the serpent talisman of Patterns {rF+ Str-5
                  | Int+4 Slay+3}
 39573 | Snake:2  | Noticed Aizul
 39582 | Snake:2  | Killed Aizul
 39596 | Snake:2  | Offered knowledge of Freezing Cloud by Vehumet.
 39831 | Snake:2  | Reached XP level 17. HP: 162/162 MP: 18/32
 40110 | Snake:2  | Noticed Saint Roka
 40120 | Snake:2  | Killed Saint Roka
 40906 | Snake:2  | Bought the +3 hat of Pondering {ponderous, Will+ MP+10
                  | Int+5} for 723 gold pieces
 40906 | Snake:2  | Found the +3 hat of Pondering {ponderous, Will+ MP+10
                  | Int+5}
 41031 | Snake:3  | Reached skill level 10 in Shields
 41903 | Snake:3  | Found a runed translucent gate.
 41903 | Snake:3  | Found a runed translucent gate.
 41904 | Snake:3  | Found a runed translucent gate.
 41904 | Snake:3  | Noticed PanSaczeczos's ghost (adept SpDe)
 41939 | Snake:4  | Entered Level 4 of the Snake Pit
 42554 | Snake:4  | Found Rutop's Magic Scroll Emporium.
 42874 | Snake:4  | Offered knowledge of Spellforged Servitor by Vehumet.
 42953 | Snake:4  | Reached skill level 10 in Conjurations
 43903 | Snake:4  | Got a serpentine rune of Zot
 44000 | Snake:4  | Reached XP level 18. HP: 171/171 MP: 30/33
 44030 | Snake:4  | Found a white marble altar of Elyvilon.
 44249 | Elf:1    | Entered Level 1 of the Elven Halls
 44315 | Elf:1    | Found a glacial archway.
 44322 | Elf:1    | Reached skill level 15 in Air Magic
 44448 | IceCv    | Entered an ice cave
 45165 | IceCv    | Offered knowledge of Ignition by Vehumet.
 45238 | IceCv    | Found a viscous altar of Jiyva.
 45255 | IceCv    | Identified the amulet "Luli" {Spirit rPois rF- rCorr}
 45689 | Elf:1    | Got the Incunabulum of Assembling
 45857 | Elf:1    | Paralysed by an air elemental for 1 turns
 45867 | Elf:1    | Paralysed by an air elemental for 1 turns
 46589 | Elf:2    | Upgraded the game from 0.32-a0-5-gbffa963729 to
                  | 0.32-a0-12-g7fc57aa741
 46619 | Elf:2    | Learned a level 7 spell: Orb of Destruction
 46772 | Elf:2    | Found Ymeimih's Distillery.
 46775 | Elf:2    | Bought 2 potions of haste for 280 gold pieces
 46838 | Elf:2    | Noticed Norris
 46851 | Elf:2    | Killed Norris
 46852 | Elf:2    | Reached skill level 16 in Air Magic
 46852 | Elf:2    | Reached ****** piety under Vehumet
 46854 | Elf:2    | Reached XP level 19. HP: 64/179 MP: 15/34
 46862 | Elf:2    | HP: 2/179 [+3 scimitar of flaming (20)]
 46862 | Elf:2    | Slain by a +3 scimitar of flaming

Illustrated notes

Levels and vault maps discovered:
D:1:      mrwooster_arrival_statue, layout_basic, grunt_decor_cap
D:2:      layout_basic, serial_shops, nicolae_shop_real_fake_doors, basic_altar,
          st_stairs_1, kennysheep_nondescript, minivault_5
D:3:      layout_loops_ring
D:4:      layout_loops_ring, minmay_temple_entry_glassed_door
D:5:      layout_basic, mainiacjoe_overflow_six_doors_small, chequers_jeans,
          uniq_sigmund, uniq_edmund
D:6:      layout_gridville, makhleb_grotto_becter, minitemple,
          gammafunk_ghost_necromancy, nicolae_zig_zag_zippers, uniq_maggie
D:7:      layout_loops_ring
D:8:      mumra_celtic_spiral_tile, layout_basic, uniq_grum, uniq_pikel,
          uniq_maurice, uniq_jeremiah
D:9:      layout_grid_maze, okawaru_gym_becter, grunt_temple_overflow_open,
          minmay_lair_entry_grove, nicolae_titane, uniq_amaemon, uniq_psyche
D:10:     layout_roguey, enter_bailey_3, evilmike_butchery
D:11:     giant_chief_lemuel, layout_basic, erik_orc_4, nicolae_diode_stairs
D:12:     layout_basic, minmay_fire_ice_demons
D:13:     layout_rooms, lightli_vaults_fourway_checkpoint
D:14:     layout_small_grid, evilmike_ruin_ashenzari,
          monkooky_shop_alliterative, uniq_jorgrun, uniq_kirke
D:15:     grunt_enter_depths_hoard, layout_long_grid, serial_bayou_pond_a,
          chequers_serial_rivers_room_b, minmay_fractal_squares_5
Temple:   eino_wide_crystal_templ
Lair:1:   layout_cave_pods
Lair:2:   layout_roguey, mainiacjoe_swamp_entry_lozenge_pond,
          nicolae_snake_entry_warm_welcome, lemuel_fruit_fields,
          grunt_megastairs_2
Lair:3:   layout_hall_layers, lemuel_fruit_tree, uniq_snorg, uniq_urug
Lair:4:   layout_regular_city
Lair:5:   due_jungle_book, layout_regular_city,
          minmay_slime_entry_oklob_enclosed
Snake:1:  layout_basic, minmay_shoptagon
Snake:2:  layout_gridlike, grunt_ministairs_1, nicolae_wooded_promenade,
          st_stairs_1, hangedman_snake_thin_pillar_pass, uniq_aizul,
          uniq_saint_roka
Snake:3:  layout_rooms, ebering_ghost_rock_garden
Snake:4:  grunt_snake_rune_pools, layout_basic, serial_shops, shop, basic_altar
Orc:1:    layout_caves, nicolae_orc_crystal_seam, minmay_orc_barracks
Orc:2:    grunt_orc_tribal_feast, layout_caves, basic_altar,
          regret_index_minedec_devilstone, nicolae_shop_gadgets, uniq_donald,
          uniq_rupert, uniq_azrael
Elf:1:    eino_elf_arrival_shootout, layout_geoelf_diagonals,
          portal_ice_cave_entry_pillars_four, minmay_elf_demonology,
          dreamdust_princess_bridge, grunt_megastairs_1, lemuel_upstairs_altar
Elf:2:    elven_hall_of_blades_hangedman_original [nicolae_blade_little_rooms],
          layout_gridlike, portal_desolation_entry_nicolae_nacl, serial_shops,
          nicolae_shop_tiny_real_fake_doors, minivault_20,
          hangedman_glass_teeth, corexii_hall_statues_t, nicolae_custom_books,
          uniq_norris

Skill      XL: |  1  2  3  4  5  6  7  8  9 10 11 12 13 14 15 16 17 18 |
---------------+-------------------------------------------------------+-----
Conjurations   | 1 2 3 4 7 9 10 12 | 12.1
Air Magic      | 3 4 5 6 8 9 11 12 13 14 16 | 16.0
Spellcasting   | 3 4 5 6 8 9 10 11 | 11.0
Fighting       | 2 3 5 6 8 9 |  9.0
Evocations     | 1 2 3 5 6 7 |  7.1
Maces & Flails | 2 3 |  3.9
Armour         | 5 7 8 |  8.6
Fire Magic     | 6 8 10 11 12 14 | 14.3
Staves         | 4 |  4.9
Translocations | 3 |  3.3
Shields        | 8 11 | 11.0
Dodging        | |  1.7
Stealth        | |  1.4

Action                     |  1- 3 |  4- 6 |  7- 9 | 10-12 | 13-15 | 16-18 | 19-21 || total
---------------------------+-------+-------+-------+-------+-------+-------+-------++-------
  Melee: Dagger            |    51 |    33 |       |       |       |       |       ||    84
         Headbutt          |     7 |     1 |    10 |    22 |    82 |    33 |     1 ||   156
         Punch             |       |     2 |       |       |     3 |       |       ||     5
         Flail             |       |     3 |     5 |       |       |       |       ||     8
         Dire flail        |       |       |    24 |       |       |       |       ||    24
         Quarterstaff      |       |       |    20 |   119 |    58 |       |       ||   197
         Staff             |       |       |       |       |   237 |   151 |     1 ||   389
  Throw: Large rock        |       |     2 |     2 |     1 |       |       |       ||     5
         Dart              |       |       |       |     6 |     2 |     1 |       ||     9
   Cast: Shock             |    71 |   117 |   167 |   158 |    48 |       |       ||   561
         Airstrike         |       |       |    15 |   120 |   186 |    71 |     1 ||   393
         Static Discharge  |       |       |     1 |    63 |   106 |     1 |       ||   171
         Fireball          |       |       |       |       |   262 |   197 |       ||   459
         Arcjolt           |       |       |       |       |     5 |     5 |       ||    10
         Blink             |       |       |       |       |     2 |     2 |       ||     4
         Plasma Beam       |       |       |       |       |       |   229 |     2 ||   231
         Orb of Destructio |       |       |       |       |       |     1 |       ||     1
  Evoke: Wand              |       |       |     6 |     8 |    11 |    22 |       ||    47
         Box of beasts     |       |       |       |       |     2 |     1 |       ||     3
    Use: Potion            |     2 |       |       |     1 |     8 |     5 |       ||    16
         Scroll            |       |     6 |     7 |     8 |    11 |     9 |       ||    41
 Armour: Robe              |    77 |    56 |    41 |       |       |   146 |     6 ||   326
         Swamp dragon scal |       |       |    44 |   326 |   740 |   112 |       ||  1222
  Dodge: Dodged            |    40 |    31 |    53 |   115 |   221 |    74 |       ||   534
  Block: Other             |       |       |     9 |    58 |   112 |    15 |       ||   194
         Reflection        |       |       |       |     8 |    10 |    29 |       ||    47
         Kite shield       |       |       |       |       |       |   134 |     5 ||   139

Table legend: (Time is in decaauts)
 A = Elapsed time spent in this place.
 B = Non-inter-level travel time spent in this place.
 C = Inter-level travel time spent in this place.
 D = Time resting spent in this place.
 E = Time spent auto-exploring this place.
 F = Levels seen in this place.
 G = Mean time per level.
                   A        B        C        D        E       F      G
               +--------+--------+--------+--------+--------+-----+--------+
         Total |  47200 |  45217 |   1983 |  19007 |  16526 |  31 | 1522.6 |
       Dungeon |  22752 |  21640 |   1112 |   7106 |   9887 |  15 | 1516.8 |
        Temple |     33 |     19 |     14 |      0 |      0 |   1 |   33.0 |
          Lair |   9841 |   9420 |    421 |   4288 |   3253 |   5 | 1968.2 |
     Snake Pit |   7529 |   7293 |    236 |   3812 |   2102 |   4 | 1882.2 |
  Orcish Mines |   3499 |   3331 |    168 |   2080 |    685 |   2 | 1749.5 |
   Elven Halls |   1790 |   1760 |     30 |    696 |    580 |   2 |  895.0 |
        Bailey |    826 |    826 |      0 |    473 |      0 |   1 |  826.0 |
      Ice Cave |    927 |    927 |      0 |    552 |     17 |   1 |  927.0 |
               +--------+--------+--------+--------+--------+-----+--------+

Top non-repeatable levels by time:
  Lair:5: 3143 daAuts
    D:11: 2680 daAuts
 Snake:1: 2445 daAuts
    D:13: 2443 daAuts
    D:12: 2112 daAuts
    D:10: 2048 daAuts
     D:5: 2024 daAuts
 Snake:2: 2016 daAuts
  Lair:2: 1978 daAuts
     D:9: 1849 daAuts
  Lair:4: 1835 daAuts
   Orc:1: 1834 daAuts
     D:8: 1832 daAuts
 Snake:4: 1823 daAuts
  Lair:1: 1724 daAuts
